 Dungeon Crawl Stone Soup version 0.28-a0-819-g6ef7baa362 (webtiles) character file.

Game seed: 3088966382920987556

77 demibob the Sneak (level 4, -12/26 HPs)
             Began as a Kobold Brigand on Nov 9, 2021.
             Mangled by a gnoll (13 damage)
             ... on level 3 of the Dungeon.
             The game lasted 00:04:51 (2590 turns).

demibob the Sneak (Kobold Brigand)                  Turns: 2590, Time: 00:04:52

Health: -12/26     AC:  3    Str:  8    XL:     4   Next: 60%
Magic:  4/4        EV: 14    Int: 12    God:
Gold:   20         SH:  0    Dex: 17    Spells: 3/3 levels left

rFire   . . .      SeeInvis .   a - +2 dagger
rCold   . . .      Faith    .   (shield restricted)
rNeg    . . .      Spirit   .   b - +0 robe
rPois   .          Reflect  .   (no helmet)
rElec   .          Harm     .   c - +0 cloak
rCorr   .          Rampage  .   (no gloves)
Will    .....                   (no boots)
Stlth   ++++......              (no amulet)
HPRegen 0.08/turn               (no ring)
MPRegen 0.09/turn               (no ring)

@: invisible
A: small, no large weapons, nightstalker 3
a: no special abilities


You were on level 3 of the Dungeon.
You visited 1 branch of the dungeon, and saw 3 of its levels.

You collected 60 gold pieces.
You spent 40 gold pieces at shops.


Innate Abilities, Weirdness & Mutations

You are small and have problems with some larger weapons.
You are completely attuned to the shadows.


   Skills:
 - Level 2.1 Fighting
 + Level 4.0 Short Blades
 + Level 3.3 Throwing
 - Level 1.2 Dodging
 + Level 6.2 Stealth


You had 3 spell levels left.
You didn't know any spells.
Your spell library contained the following spells:

 Spells                   Type           Power      Damage    Failure   Level
 Summon Small Mammal      Summ           0%         N/A       32%         1
 Call Canine Familiar     Summ           0%         N/A       69%         3
 Summon Guardian Golem    Hex/Summ       0%         N/A       69%         3
 Orb of Destruction       Conj           0%         N/A       100%        7
 Spellforged Servitor     Conj/Summ      0%         N/A       100%        7

Inventory:

Hand Weapons
 a - a +2 dagger (weapon)
Missiles
 d - 23 poisoned darts (quivered)
 e - 2 curare-tipped darts {=f}
Armour
 b - a +0 robe (worn)
 c - a +0 cloak (worn)
Jewellery
 F - a ring of fire
Potions
 g - a potion of invisibility
 h - a potion of flight
 j - a potion of mutation {unknown}
 l - a potion of might
 m - a potion of degeneration {unknown}

Dungeon Overview and Level Annotations

Branches:
Dungeon (3/15)

Altars:
Fedhas

Shops:
D:1 ! D:2

! . #.# #.##..##
..##.###.###.##
...............
..####.###.###..#
####..####.###.# #...
..............##.# ##..
..##..........##.# #..
........g......##.####..
.......@................
###.##..........##.#####.
................##.# ##
.........#..###...##.###
#
#.#...............##.#.#
#
#......▒▒▒▒▒.........#.#
#
#..▒▒▒▒▒...▒▒▒▒▒.......#
#
#..'.....⚑.....'..####.##
# ##..▒▒▒▒▒)..▒▒▒▒▒..#
#..#


You could see a gnoll.


Message History

No target in view!
A gnoll is nearby!
The gnoll shouts!
You hit the gnoll.
The gnoll is lightly wounded.
The gnoll barely misses you.
You hit the gnoll.
The gnoll is moderately wounded.
The gnoll hits you with a +0 flail.
You hit the gnoll.
The gnoll is heavily wounded.
The gnoll hits you with a +0 flail!
You hit the gnoll.
The gnoll is heavily wounded.
The gnoll barely misses you.
You completely miss the gnoll.
The gnoll is heavily wounded.
You barely miss the gnoll.
The gnoll is heavily wounded.
The gnoll hits you with a +0 flail.
You hit the gnoll but do no damage.
The gnoll is heavily wounded.
The gnoll hits you with a +0 flail!
* * * LOW HITPOINT WARNING * * *
You feel better. The gnoll hits you with a +0 flail!
* * * LOW HITPOINT WARNING * * *
You fade into invisibility!
The gnoll hits you with a +0 flail!
Ouch! That really hurt!
You die...

Skill      XL: |  1  2  3  4 |
---------------+-------------+-----
Short Blades   | 3 4 |  4.0
Throwing       | 3 |  3.3
Stealth        | 6 |  6.2
Fighting       | |  2.1
Dodging        | |  1.2

Action                   |  1- 3 |  4- 6 || total
-------------------------+-------+-------++-------
Melee: Dagger            |   108 |    68 ||   176
  Use: Scroll            |     5 |     2 ||     7
       Potion            |       |     2 ||     2
 Stab: Sleeping          |    10 |     7 ||    17
       Distracted        |       |     1 ||     1
Armor: Robe              |    29 |     9 ||    38
Dodge: Dodged            |    65 |    56 ||   121

Levels and vault maps discovered:
D:1:      minmay_arrival_plants_in_alcoves, layout_basic, serial_shops, shop
D:2:      layout_basic, serial_shops, shop
D:3:      lemuel_castle_with_subvaults [lemuel_castle_interior_original],
          layout_basic, mainiacjoe_overflow_surrounded_room, tgw_kikubaaqudgha

Notes
Turn   | Place    | Note
-------+----------+-------------------------------------------
     0 | D:1      | demibob the Kobold Brigand began the quest for the Orb.
     0 | D:1      | Reached XP level 1. HP: 12/12 MP: 1/1
   348 | D:1      | Found Rieth's Distillery.
   658 | D:1      | Reached skill level 3 in Short Blades
   658 | D:1      | Reached XP level 2. HP: 15/17 MP: 2/2
  1135 | D:2      | Reached XP level 3. HP: 18/21 MP: 3/3
  1388 | D:2      | Found Bareuniy's Distillery.
  1394 | D:2      | Bought a potion of might for 40 gold pieces
  1458 | D:2      | Reached skill level 3 in Throwing
  1458 | D:2      | Reached skill level 6 in Stealth
  2065 | D:3      | Found a blossoming altar of Fedhas.
  2176 | D:3      | Reached XP level 4. HP: 26/26 MP: 4/4
  2508 | D:3      | Reached skill level 4 in Short Blades
  2589 | D:3      | HP: 1/26 [gnoll (12)]
  2590 | D:3      | Mangled by a gnoll

Vanquished Creatures
  A gnoll (D:3)
  An adder (D:2)
  A worm (D:2)
  An orc (D:3)
  3 ball pythons
  4 endoplasms
  2 giant cockroaches
  A goblin (D:3)
  3 hobgoblins
  8 jackals (D:3)
  3 quokkas (D:2)
  6 bats
  3 frilled lizards
  7 kobolds
  6 rats
50 creatures vanquished.

Vanquished Creatures (others)
  3 plants (D:1)
3 creatures vanquished.

Grand Total: 53 creatures vanquished

Table legend: (Time is in decaauts)
 A = Elapsed time spent in this place.
 B = Non-inter-level travel time spent in this place.
 C = Inter-level travel time spent in this place.
 D = Time resting spent in this place.
 E = Time spent auto-exploring this place.
 F = Levels seen in this place.
 G = Mean time per level.
                   A        B        C        D        E       F      G
               +--------+--------+--------+--------+--------+-----+--------+
         Total |   2561 |   2531 |     30 |    333 |   1745 |   3 |  853.7 |
       Dungeon |   2561 |   2531 |     30 |    333 |   1745 |   3 |  853.7 |
               +--------+--------+--------+--------+--------+-----+--------+

Top non-repeatable levels by time:
     D:1: 1085 daAuts
     D:2: 896 daAuts
     D:3: 579 daAuts

Table legend:
 A = Non-vault XP
 B = Vault XP
 C = Vault XP percentage of total XP
 D = Non-vault monster count
 E = Vault monster count
 F = Vault count percentage of total count
                 A         B        C        D         E       F
            +---------+---------+-------+---------+---------+-------
      Total |      85 |      26 |  23.4 |      44 |       6 |  12.0
            +---------+---------+-------+---------+---------+-------
        D:1 |      26 |       0 |   0.0 |      18 |       0 |   0.0
        D:2 |      37 |       0 |   0.0 |      14 |       0 |   0.0
        D:3 |      22 |      26 |  54.2 |      12 |       6 |  33.3
            +---------+---------+-------+---------+---------+-------
